 Dungeon Crawl Stone Soup version 0.22-a0-283-g1871b15 (webtiles) character file.

18 4thArraOfDagon the Slasher (level 2, 2/22 HPs)
             Began as a Formicid Warper on Mar 19, 2018.
             Quit the game on level 4 of the Dungeon.
             The game lasted 00:02:06 (275 turns).

4thArraOfDagon the Slasher (Formicid Warper)         Turns: 275, Time: 00:02:07

Health: 2/22       AC:  3    Str: 15    XL:     2   Next: 85%
Magic:  5/5        EV: 11    Int: 12    God:
Gold:   4          SH:  0    Dex: 10    Spells: 5/5 levels left

rFire    . . .     SeeInvis +   a - +0 falchion
rCold    . . .     Gourm    .   (no shield)
rNeg     . . .     Faith    .   b - +0 leather armour
rPois    .         Spirit   .   (helmet unavailable)
rElec    .         Reflect  .   (no cloak)
rCorr    .         Harm     .   (no gloves)
MR       .....                  (no boots)
Stlth    +.........             (no amulet)
HPRegen  0.07/turn              h - ring of see invisible
MPRegen  0.09/turn              (no ring)

@: lethally poisoned (2 -> -25), flying
A: permanent stasis, dig shafts and tunnels, four strong arms, antennae 3
a: Dig, Shaft Self


You were on level 4 of the Dungeon.
You were not hungry.

You visited 1 branch of the dungeon, and saw 3 of its levels.

You collected 4 gold pieces.

Inventory:

Hand Weapons
 a - a +0 falchion (weapon)
Missiles
 e - 3 tomahawks of dispersal (quivered)
Armour
 b - a +0 leather armour (worn)
Jewellery
 h - a ring of see invisible (left hand)
Scrolls
 d - a scroll of blinking
 g - a scroll of enchant armour {unknown}
Comestibles
 f - a ration


   Skills:
 - Level 2.1 Fighting
 * Level 3.1 Long Blades
 - Level 1.0 Throwing
 - Level 1.1 Armour
 - Level 1.7 Dodging
 - Level 2.1 Spellcasting
   Level 2.6 Translocations


You had 5 spell levels left.
You didn't know any spells.

Dungeon Overview and Level Annotations

Branches:
Dungeon (2/15)

Altars:
Dithmenos

Annotations:
D:2 Natasha


Innate Abilities, Weirdness & Mutations

You cannot be hasted, slowed, berserked, paralysed or teleported.
You can dig through walls and to a lower floor.
Your four strong arms can wield two-handed weapons with a shield.
You have a pair of large antennae on your head. (SInv)


Message History

You barely miss the orc.
The orc is heavily wounded.
You feel sick.
The orc hits you with a short sword of venom.
* * * LOW HITPOINT WARNING * * *
You are more poisoned.
You are too injured to fight recklessly!
You hit the orc but do no damage.
The orc is heavily wounded.
* * * LOW HITPOINT WARNING * * *
You feel sick. The orc misses you.
You riposte.
You hit the orc.
You kill the orc!
You are too injured to fight recklessly!
You are too injured to fight recklessly!
It was a potion of flight.
You feel very buoyant.
You fly up into the air.
* * * LOW HITPOINT WARNING * * *
You feel sick.
Are you sure you want to abandon this character and quit the game? (Confirm with "yes".)

#......... #.###'###. #.# #.#
#. #.###.###. #.###_..'.
#.###.###. #### #.# #.# #.
...###################.###+###.
#.#..........@)...............
#...###################.......
#.#.# ##...... ###.# #......
#...# ####### #.#.# { .....(.#
......>... ...........#


There were no monsters in sight!

Vanquished Creatures
  A dart slug (D:2)
  An orc (D:4)
  2 giant cockroaches (D:1)
  2 goblins (D:1)
  A hobgoblin (D:1)
  3 bats (D:1)
  A frilled lizard (D:1)
  5 rats (D:1)
16 creatures vanquished.

Notes
Turn   | Place    | Note
-------+----------+-------------------------------------------
     0 | D:1      | 4thArraOfDagon the Formicid Warper began the quest for the Orb.
     0 | D:1      | Reached XP level 1. HP: 16/16 MP: 3/3
    71 | D:1      | Reached XP level 2. HP: 20/22 MP: 5/5
   121 | D:1      | Reached skill level 3 in Long Blades
   183 | D:2      | Noticed Natasha
   189 | D:2      | You fall through a shaft for 2 floors!
   191 | D:4      | Found a shadowy altar of Dithmenos.
   275 | D:4      | Quit the game

Vault maps used:
D:1:      dpeg_arrival_subterranean_lakeside_camping
D:2:      old_standard_altar, first_ration, uniq_natasha
D:4:      lemuel_doored_altar

Skill      XL: |  1  2 |
---------------+-------+-----
Long Blades    | 3 |  3.1
Fighting       | |  2.1
Throwing       | |  1.0
Armour         | |  1.1
Dodging        | |  1.7
Spellcasting   | |  2.1
Translocations | |  2.6

Action                   || total
-------------------------++-------
Melee: Falchion          ||    42
Throw: Tomahawk          ||     2
 Abil: Dig               ||     2
       Shaft Self        ||     1
  Use: Potion            ||     1
Armor: Leather armour    ||    10
Dodge: Dodged            ||    31
       Rpst.: Falchion   ||    16

Table legend:
 A = Spawn XP
 B = Non-spawn XP
 C = Spawn XP percentage of total XP
 D = Spawn monster count
 E = Non-spawn monster count
 F = Spawn count percentage of total count
 G = Total turns spent on level
                    A         B        C        D         E        F      G
               +---------+---------+-------+---------+---------+-------+---------
         Total |       0 |      26 |   0.0 |       0 |      16 |   0.0 |   275
               +---------+---------+-------+---------+---------+-------+---------
           D:1 |       0 |      19 |   0.0 |       0 |      14 |   0.0 |   162
           D:2 |       0 |       4 |   0.0 |       0 |       1 |   0.0 |    27
           D:4 |       0 |       3 |   0.0 |       0 |       1 |   0.0 |    86
               +---------+---------+-------+---------+---------+-------+---------
